 Dungeon Crawl Stone Soup version 0.12.3 (console) character file.

188 Lightli the Slasher (level 4, -1/32 HPs)
             Began as a Sludge Elf Fighter on Aug 23, 2022.
             Killed by nerve-wracking pain
             ... invoked by an orc priest
              (3 damage)
             ... on Level 3 of the Dungeon.
             The game lasted 00:04:15 (1622 turns).

Lightli the Slasher (Sludge Elf Fighter)            Turns: 1622, Time: 00:04:15

HP  -1/32        AC  6     Str 17      XL: 4   Next: 46%
MP   4/4         EV  6     Int  9      God:
Gold 104         SH 18     Dex 14      Spells:  0 memorised,  3 levels left

Res.Fire  : . . .   See Invis. : .   a - +0 elf falchion (curse)
Res.Cold  : . . .   Warding    : .   C - -1 orc ring mail (curse)
Life Prot.: + . .   Conserve   : .   c - +0 elf shield (curse)
Res.Poison: .       Res.Corr.  : .   (no helmet)
Res.Elec. : .       Clarity    : .   (no cloak)
Sust.Abil.: . .     Spirit.Shd : .   (no gloves)
Res.Mut.  : .       Stasis     : .   n - +1 pair of orc boots
Res.Rott. : .       Ctrl.Telep.: .   (no amulet)
Saprovore : . . .   Flight     : .   (no ring)
                                     j - ring of life protection

@: invisible, slightly resistant to hostile enchantments, very unstealthy
A: no striking features
a: no special abilities


You were on level 3 of the Dungeon.
You were not hungry.

You visited 1 branch of the dungeon, and saw 3 of its levels.

You collected 84 gold pieces.

Inventory:

Hand weapons
 a - a cursed +0,+0 elven falchion (weapon)
Armour
 c - a cursed +0 elven shield (worn)
 n - a +1 pair of orcish boots (worn)
 t - a +0 elven scale mail
 C - a cursed -1 orcish ring mail (worn)
Magical devices
 y - a wand of magic darts (0)
Comestibles
 d - 2 bread rations
 p - a meat ration
 r - a choko
 s - a rotting chunk of quokka flesh
 u - an apricot
 w - an apple
Scrolls
 f - 6 scrolls of teleportation
Jewellery
 j - a ring of life protection (left hand)
Potions
 b - a potion of mutation
 i - 3 potions of curing
 k - a potion of heal wounds
 z - a potion of agility {unknown}
 B - a potion of flight {unknown}
Books
 e - a book of Callings

   Spells                             Type                      Level
   Summon Small Mammals               Summoning                    1
   Call Imp                           Summoning                    2
   Call Canine Familiar               Summoning                    3
   Summon Scorpions                   Summoning/Poison             4
   Summon Ice Beast                   Ice/Summoning                4


   Skills:
 - Level 3.2 Fighting
 + Level 4.1 Long Blades
 - Level 2.4 Armour
 - Level 2.4 Shields


You had 3 spell levels left.
You didn't know any spells.

Dungeon Overview and Level Annotations

Branches:
Dungeon (3/27)

Altars:
Vehumet


Message History

You miss the orc priest.
The orc priest is moderately wounded.
The orc priest invokes the aid of Beogh against you.
Something smites you!
You hit the orc priest but do no damage.
The orc priest is moderately wounded.
The orc priest hits you.
You catch the helpless orc priest completely off-guard!
You hit the orc priest but do no damage.
The orc priest is moderately wounded.
The orc priest barely misses you.
You catch the helpless orc priest completely off-guard!
You hit the orc priest.
The orc priest is severely wounded.
The orc priest calls down the wrath of Beogh upon you.
Something smites you!
* * * LOW HITPOINT WARNING * * *
The orc priest mumbles some strange prayers to Beogh against you.
Pain shoots through your body!
You die...

.... ..... ......
. ##....... .
......... .
#........ #
#o........ # #o#
#.##############@#
#.........)[.....#
####.......#######
...).(.....#
####....)..#####
#.......#...#
#.......#...#
####.......#...#
..........##...#


You could see an orc priest and an orc.

Vanquished Creatures
  An orc wizard (D:3)
  A giant gecko (D:2)
  4 orcs
  6 bats
  2 giant cockroaches
  9 hobgoblins
  3 quokkas
  A ball python (D:1)
  3 giant newts
  6 goblins
  7 kobolds
  8 rats
51 creatures vanquished.

Vanquished Creatures (others)
  A hobgoblin (D:3)
1 creature vanquished.

Grand Total: 52 creatures vanquished

Notes
Turn   | Place    | Note
--------------------------------------------------------------
     0 | D:1      | Lightli, the Sludge Elf Fighter, began the quest for the Orb.
     0 | D:1      | Reached XP level 1. HP: 16/16 MP: 0/0
   105 | D:1      | Reached XP level 2. HP: 15/21 MP: 2/2
   710 | D:1      | Reached XP level 3. HP: 27/27 MP: 3/3
  1071 | D:2      | Found a radiant altar of Vehumet.
  1594 | D:3      | Reached skill level 4 in Long Blades
  1594 | D:3      | Reached XP level 4. HP: 24/32 MP: 4/4
  1622 | D:3      | Killed from afar by an orc priest

Action                   |  1- 3 |  4- 6 || total
-------------------------+-------+-------++-------
Melee: Falchion          |   174 |    14 ||   188
  Use: Scroll            |    10 |       ||    10
       Potion            |     2 |     1 ||     3
 Stab: Invisible         |       |     3 ||     3
